 Dungeon Crawl Stone Soup version 0.28-a0-850-g09de17f5b5 (webtiles) character file.

Game seed: 3053742655897229990

4253 Froggeryz the Basher (level 10, -2/58 HPs)
             Began as a Gargoyle Enchanter on Nov 14, 2021.
             Was an Elder of Okawaru.
             Slain by a shadow (16 damage)
             ... on level 7 of the Dungeon.
             The game lasted 00:11:51 (8675 turns).

Froggeryz the Basher (Gargoyle Enchanter)           Turns: 8675, Time: 00:11:51

Health: -2/58      AC: 19    Str: 18    XL:     10   Next: 31%
Magic:  0/13       EV: 11    Int: 16    God:    Okawaru [****..]
Gold:   373        SH:  0    Dex: 10    Spells: 13/13 levels left

rFire   + + .      SeeInvis .   p - +7 club (spect)
rCold   . . .      Faith    .   (no shield)
rNeg    + . .      Spirit   +   f - +0 ring mail
rPois   ∞          Reflect  .   q - +1 helmet "Ciut Bups" {rF+ Str+3}
rElec   +          Harm     .   d - scarf {repulsion}
rCorr   .          Rampage  .   t - +2 pair of gloves
Will    .....                   z - +0 pair of boots
Stlth   +.........              r - amulet of guardian spirit
HPRegen 0.19/turn               i - ring of protection from fire
MPRegen 0.13/turn               (no ring)

@: marked, repel missiles
A: sickness immunity, AC +7, negative energy resistance 1, electricity
resistance, torment resistance 1, petrification resistance
a: Renounce Religion, Heroism, Finesse


You were on level 7 of the Dungeon.
You worshipped Okawaru.
Okawaru was greatly pleased with you.
You visited 2 branches of the dungeon, and saw 8 of its levels.
You also visited: Sewer.

You collected 373 gold pieces.

Inventory:

Hand Weapons
 p - a +7 spectral club (weapon)
Missiles
 e - 33 poisoned darts (quivered)
 h - 2 throwing nets
Armour
 d - a scarf of repulsion (worn)
 f - a +0 ring mail (worn)
 j - a +0 cloak
 q - the +1 helmet "Ciut Bups" (worn) {rF+ Str+3}
   (You took it off Robin on level 3 of the Dungeon)

   Str:       It affects your strength (+3).
   rF:        It protects you from fire.
 t - a +2 pair of gloves (worn)
 z - a +0 pair of boots (worn)
 F - a +0 scale mail
Jewellery
 i - a ring of protection from fire (left hand)
 r - an amulet of guardian spirit (around neck)
Wands
 y - a wand of flame (26)
Scrolls
 k - 2 scrolls of enchant armour
 m - 2 scrolls of fog
 n - a scroll of enchant weapon
 s - a scroll of identify
 u - a scroll of magic mapping
 v - 3 scrolls of immolation
 x - a scroll of noise
 B - a scroll of blinking
Potions
 a - a potion of resistance
 b - a potion of heal wounds {unknown}
 c - 4 potions of invisibility
 g - a potion of magic {unknown}
 l - a potion of lignification {unknown}
 o - 2 potions of haste
 w - 3 potions of curing
 A - a potion of degeneration {unknown}
 C - a potion of brilliance {unknown}
 D - a potion of ambrosia
 E - a potion of flight {unknown}


   Skills:
 + Level 4.5 Fighting
 - Level 0.8 Short Blades
 + Level 13.4 Maces & Flails
 + Level 3.2 Armour
 - Level 1.5 Dodging
 - Level 3.2 Stealth
 - Level 2.0 Spellcasting
 - Level 2.6 Hexes


You had 13 spell levels left.
You didn't know any spells.
Your spell library contained the following spells:

 Spells                   Type           Power      Damage    Failure   Level
 Ensorcelled Hibernation  Hex/Ice        10%        N/A       30%         2
 Magic Dart               Conj           4%         1d3       34%         1
 Confusing Touch          Hex            10%        N/A       34%         3
 Dazzling Flash           Conj/Hex       10%        N/A       52%         3
 Mephitic Cloud           Conj/Pois/Air  1%         N/A       71%         3
 Tukima's Dance           Hex            Unusable   N/A       N/A         3
 Call Imp                 Summ           Unusable   N/A       N/A         2

Dungeon Overview and Level Annotations

Branches:
Dungeon (7/15)             Temple (1/1) D:4           Sewer (visited)

Altars:
Ashenzari
Cheibriados
Dithmenos
Elyvilon
Gozag
Hepliaklqana
Kikubaaqudgha
Makhleb
Nemelex Xobeh
Okawaru
Qazlal
Ru
Sif Muna
Trog
Uskayaw
Vehumet
Wu Jian
Xom
Yredelemnul
Zin
The Shining One


Innate Abilities, Weirdness & Mutations

You are immune to sickness and miasma.
Your stone body is resilient. (AC +7)
You are immune to poison.
You resist negative energy. (rN+)
You are resistant to electric shocks. (rElec)
You are resistant to unholy torment.
You are immune to petrification.


Message History

Harold is severely wounded.
Your +7 spectral club hits Harold.
You hit Harold.
Harold is almost dead.
Your +7 spectral club hits Harold.
Harold hits you with a +0 flail!
* * * LOW HITPOINT WARNING * * *
You hit Harold but do no damage.
Harold is almost dead.
Your +7 spectral club hits Harold!
Harold hits your +7 spectral club with a +0 flail!
Your spectral weapon shares its damage with you!
* * * LOW HITPOINT WARNING * * *
You completely miss Harold.
Harold is almost dead.
Your +7 spectral club hits Harold!
You kill Harold!
Okawaru is honoured by your kill.
You can now speed up your combat.
Harold groans, "My... family..." and then collapses, dead.
Your +7 spectral club fades away.
Your Fighting skill increases to level 4!
Your Armour skill increases to level 3!
E - an amethyst potion
Things that are here:
a +0 flail; a +0 scale mail; the human corpse of Harold
There are no items here.
Things that are here:
a +0 flail; a +0 scale mail; the human corpse of Harold
F - a +0 scale mail The shadow slips into darkness.
The shadow flickers and vanishes!
Deactivating autopickup; reactivate with Ctrl-A.
The shadow strikes at you from the darkness!
* * * LOW HITPOINT WARNING * * *
Reactivating autopickup.
The shadow slips into darkness.
The shadow flickers and vanishes!
Deactivating autopickup; reactivate with Ctrl-A.
There is a stone staircase leading up here.
The shadow strikes at you from the darkness!
You die...

##.# #.# #.##.# #.# #. #.# #.#
#.##.# ##.###+ #.####..
#.###O##.###...... #........+..
#.........##......
##........#.####.######..##......
.......###.#...O...# #..##......
#......# #.#.##.##.# #..##......
##......# #.#.##.##.###..##......
..)###.## #.#.##@........##......
..(# #.# #.#.##.##.###..#####+#.
...###.####)#.##.##.###......#...
...#.#...........................
.......####.#.##.............##..
##.#...# #.#.####.###.#)##.###..
##.#...######## #.###.#.##.####.
...#.###...#######.#...(........>
...###.......##.............#####


You could see a two-headed ogre.

Vanquished Creatures
  Harold (D:7)
  A centaur zombie (D:7)
  Joseph (D:7)
  Maggie (D:7)
  Sigmund (D:5)
  A wyvern (D:7)
  Menkaure (D:6)
  Duvessa (D:7)
  2 water moccasins
  A hornet zombie (D:3)
  An ice beast (D:5)
  An orc warrior (D:7)
  2 ogres
  2 centaurs (D:6)
  A kobold brigand (Sewer)
  A bullfrog (D:7)
  A wyvern zombie (D:6)
  A scorpion (D:7)
  Dowan (D:7)
  A water moccasin zombie (D:6)
  11 wights
  A bullfrog zombie (D:7)
  3 hounds
  A jelly (D:5)
  An orc priest (D:6)
  Crazy Yiuf (D:3)
  4 iguanas
  2 orc wizards
  Ijyb (D:3)
  A hound skeleton (D:4)
  A howler monkey skeleton (D:5)
  Robin (D:3)
  7 adders
  A river rat (D:3)
  A shadow imp (D:5)
  2 white imps
  An ufetubus (D:5)
  6 worms
  A dart slug (D:1)
  15 orcs
  3 bats
  8 endoplasms
  3 giant cockroaches
  12 hobgoblins
  2 jackals (D:3)
  14 kobolds
  5 quokkas
  7 ball pythons
  5 frilled lizards
  19 goblins
  18 rats
181 creatures vanquished.

Notes
Turn   | Place    | Note
-------+----------+-------------------------------------------
     0 | D:1      | Froggeryz the Gargoyle Enchanter began the quest for the
                  | Orb.
     0 | D:1      | Reached XP level 1. HP: 10/10 MP: 3/3
    99 | D:1      | Reached skill level 1 in Fighting
   242 | D:1      | Reached XP level 2. HP: 17/17 MP: 5/5
   445 | D:1      | Found a faded altar of an unknown god.
   951 | D:1      | Reached XP level 3. HP: 21/22 MP: 6/6
  1406 | D:2      | Reached skill level 1 in Maces & Flails
  2000 | D:2      | Reached skill level 2 in Maces & Flails
  2000 | D:2      | Reached XP level 4. HP: 25/28 MP: 7/7
  2415 | D:3      | Found a glowing drain.
  2452 | Sewer    | Entered a sewer
  2526 | Sewer    | Reached skill level 3 in Maces & Flails
  2674 | Sewer    | Reached XP level 5. HP: 32/32 MP: 8/8
  3136 | Sewer    | Noticed a kobold brigand
  3155 | Sewer    | Killed a kobold brigand
  3156 | Sewer    | Reached skill level 4 in Maces & Flails
  3448 | D:3      | Noticed Ijyb
  3459 | D:3      | Killed Ijyb
  3460 | D:3      | Reached XP level 6. HP: 34/37 MP: 9/9
  3640 | D:3      | Found a runed translucent door.
  3641 | D:3      | Noticed Crazy Yiuf
  3728 | D:3      | Identified the +1 helmet "Ciut Bups" {rF+ Str+3}
  3728 | D:3      | Noticed Robin
  3991 | D:3      | Killed Robin
  3992 | D:3      | Reached skill level 5 in Maces & Flails
  4534 | D:3      | Killed Crazy Yiuf
  4535 | D:3      | Reached skill level 6 in Maces & Flails
  4728 | D:4      | Reached XP level 7. HP: 41/41 MP: 10/10
  4819 | D:4      | Identified the +3 robe of Orthodoxy {rElec rCorr}
  5071 | D:4      | Found a staircase to the Ecumenical Temple.
  5701 | D:5      | Entered Level 5 of the Dungeon
  5706 | D:5      | Reached skill level 7 in Maces & Flails
  5752 | Temple   | Entered the Ecumenical Temple
  5926 | Temple   | Became a worshipper of Warmaster Okawaru
  6174 | D:5      | Reached skill level 8 in Maces & Flails
  6174 | D:5      | Reached XP level 8. HP: 46/46 MP: 11/11
  6439 | D:5      | Noticed Sigmund
  6454 | D:5      | Killed Sigmund
  6455 | D:5      | Reached skill level 9 in Maces & Flails
  6612 | D:6      | Noticed Menkaure
  6614 | D:6      | Killed Menkaure
  6614 | D:6      | Reached * piety under Okawaru
  6714 | D:6      | Reached skill level 10 in Maces & Flails
  6823 | D:6      | Reached XP level 9. HP: 43/50 MP: 9/12
  6916 | D:6      | Reached skill level 11 in Maces & Flails
  6997 | D:6      | Reached ** piety under Okawaru
  7276 | D:6      | Found a hazy altar of Hepliaklqana.
  7277 | D:6      | Found a glowing silver altar of Zin.
  7277 | D:6      | Found a broken altar of Ashenzari.
  7283 | D:6      | Found a basalt altar of Yredelemnul.
  7283 | D:6      | Found an opulent altar of Gozag.
  7285 | D:6      | Found an ancient bone altar of Kikubaaqudgha.
  7285 | D:6      | Found a sacrificial altar of Ru.
  7286 | D:6      | Found a shimmering blue altar of Sif Muna.
  7696 | D:7      | Noticed Duvessa
  7696 | D:7      | Noticed Dowan
  7705 | D:7      | Killed Duvessa
  7706 | D:7      | Killed Dowan
  7717 | D:7      | Noticed Maggie
  7725 | D:7      | Noticed Harold
  7729 | D:7      | Killed Maggie
  7730 | D:7      | Reached skill level 12 in Maces & Flails
  7731 | D:7      | Noticed a two-headed ogre
  8025 | D:7      | Noticed Joseph
  8064 | D:7      | Killed Joseph
  8064 | D:7      | Reached *** piety under Okawaru
  8196 | D:7      | Reached skill level 13 in Maces & Flails
  8401 | D:7      | Reached XP level 10. HP: 56/56 MP: 13/13
  8599 | D:7      | Found an ornate altar of the Wu Jian Council.
  8640 | D:7      | Killed Harold
  8640 | D:7      | Reached **** piety under Okawaru
  8675 | D:7      | Slain by a shadow

Illustrated notes

Levels and vault maps discovered:
D:1:      nzn_arrival_crosshair, layout_basic,
          shapermc_ecumenical_altar_mp_vishouse
D:2:      layout_rooms
D:3:      layout_loops_ring, portal_sewer_entry_a, uniq_ijyb,
          uniq_crazy_yiuf_cottage, uniq_robin
D:4:      layout_basic, minmay_temple_entry_from_below_a
D:5:      layout_loops_ring, corexii_item_surrounded_by_moat, uniq_sigmund
D:6:      layout_basic, grunt_temple_overflow_open, hex_tiny, uniq_menkaure
D:7:      layout_basic, pdpol_wu_jian_five_deadly_venoms, minmay_puff,
          uniq_maggie, uniq_joseph, uniq_harold, uniq_duvessa
Temple:   minmay_temple_bridge_abc

Skill      XL: |  1  2  3  4  5  6  7  8  9 10 |
---------------+-------------------------------+-----
Fighting       | 1 2 3 4 |  4.5
Maces & Flails | 2 3 4 6 8 10 13 | 13.4
Armour         | 3 |  3.2
Short Blades   | |  0.8
Dodging        | |  1.5
Stealth        | |  3.2
Spellcasting   | |  2.0
Hexes          | |  2.6

Action                   |  1- 3 |  4- 6 |  7- 9 | 10-12 || total
-------------------------+-------+-------+-------+-------++-------
Melee: Dagger            |   115 |       |       |       ||   115
       Whip              |    20 |   172 |       |       ||   192
       Unarmed           |       |     7 |       |       ||     7
       Club              |       |    49 |   210 |    23 ||   282
Throw: Dart              |    52 |    50 |       |       ||   102
  Use: Scroll            |       |     9 |     2 |     7 ||    18
 Stab: Sleeping          |     4 |     1 |     3 |       ||     8
       Distracted        |       |     1 |     5 |     1 ||     7
Armor: Robe              |    15 |       |       |       ||    15
       Ring mail         |    44 |   101 |    72 |     6 ||   223
       Skin              |       |     1 |       |       ||     1
Dodge: Dodged            |    77 |   108 |    81 |     6 ||   272
       Repelled          |       |       |       |     1 ||     1

Table legend: (Time is in decaauts)
 A = Elapsed time spent in this place.
 B = Non-inter-level travel time spent in this place.
 C = Inter-level travel time spent in this place.
 D = Time resting spent in this place.
 E = Time spent auto-exploring this place.
 F = Levels seen in this place.
 G = Mean time per level.
                   A        B        C        D        E       F      G
               +--------+--------+--------+--------+--------+-----+--------+
         Total |   8715 |   8420 |    295 |    752 |   5629 |   9 |  968.3 |
       Dungeon |   7454 |   7172 |    282 |    667 |   4841 |   7 | 1064.9 |
        Temple |    202 |    189 |     13 |      0 |    161 |   1 |  202.0 |
         Sewer |   1057 |   1057 |      0 |     85 |    626 |   1 | 1057.0 |
               +--------+--------+--------+--------+--------+-----+--------+

Top non-repeatable levels by time:
     D:1: 1335 daAuts
     D:3: 1310 daAuts
     D:6: 1205 daAuts
     D:2: 1102 daAuts
   Sewer: 1057 daAuts
     D:4: 991 daAuts
     D:7: 817 daAuts
     D:5: 691 daAuts
  Temple: 202 daAuts
